 Dungeon Crawl Stone Soup version 0.18-a0-1800-gdc7a371 (webtiles) character file.

163 TheGoonsmith the Conjurer (level 5, -2/28 HPs)
             Began as a Gargoyle Fire Elementalist on Apr 24, 2016.
             Killed from afar by an orc wizard (6 damage)
             ... with a puff of frost
             ... on level 3 of the Dungeon.
             The game lasted 00:04:36 (2209 turns).

TheGoonsmith the Conjurer (GrFE)                    Turns: 2209, Time: 00:04:38

Health: -2/28      AC:  6    Str: 12    XL:     5   Next: 44%
Magic:  1/8        EV: 12    Int: 16    God:
Gold:   116        SH:  0    Dex: 10    Spells: 2 memorised, 4 levels left

rFire  . . .     SeeInvis .     j - +0 mace
rCold  . . .     Gourm    .     a - +0 robe
rNeg   + . .     Faith    .     (no shield)
rPois  ∞         Spirit   .     (no helmet)
rElec  +         Dismiss  .     (no cloak)
rCorr  .         Reflect  .     (no gloves)
SustAt .         Harm     .     (no boots)
MR     .....                    (no amulet)
Stlth  ++........               (no ring)
                                (no ring)

@: hasted, very quick, not resistant to hostile enchantments, unstealthy
A: negative energy resistance 1, electricity resistance, unbreathing,
petrification resistance, rot immunity, AC +4
a: no special abilities


You were on level 3 of the Dungeon.
You were hungry.

You visited 1 branch of the dungeon, and saw 3 of its levels.

You collected 116 gold pieces.

Inventory:

Hand Weapons
 j - a +0 mace (weapon)
Armour
 a - a +0 robe (worn)
Scrolls
 e - a scroll of remove curse {unknown}
 f - a scroll of identify {unknown}
 h - a scroll of fog {unknown}
 l - a scroll of recharging {unknown}
 m - a scroll of immolation {unknown}
 n - 2 scrolls of teleportation {unknown}
 o - a scroll of enchant armour {unknown}
 p - 3 scrolls of fear {unknown}
Potions
 k - a potion of might {unknown}
Books
 b - a book of Flames

   Spells                             Type                      Level
   a - Flame Tongue                   Conjuration/Fire             1
   b - Throw Flame                    Conjuration/Fire             2
   c - Conjure Flame                  Conjuration/Fire             3
   d - Inner Flame                    Hexes/Fire                   3
   e - Sticky Flame                   Conjuration/Fire             4
   f - Fireball                       Conjuration/Fire             5
Comestibles
 c - 2 bread rations
 d - 6 meat rations
 g - a beef jerky


   Skills:
 - Level 1.5 Dodging
 - Level 2.1 Stealth
 - Level 2.0 Spellcasting
 + Level 5.6 Conjurations
 - Level 3.0 Fire Magic


You had 4 spell levels left.
You knew the following spells:

 Your Spells              Type           Power        Failure   Level  Hunger
a - Flame Tongue          Conj/Fire      ###..        4%          1    #......
c - Conjure Flame         Conj/Fire      ###.....     12%         3    ###....


Dungeon Overview and Level Annotations

Branches:
Dungeon (3/15)

Altars:
Fedhas
Kikubaaqudgha
Qazlal


Innate Abilities, Weirdness & Mutations

You are resistant to torment.
Your stone body is resilient (AC +4).
You are immune to poison.
You resist negative energy.
You are resistant to electric shocks.
You can survive without breathing.
You are immune to petrification.
You are immune to rotting.


Message History

Aim: an orc wizard, wielding a dagger and wearing a robe (lightly wounded, fast)
The flame tongue misses the orc wizard.
The orc wizard casts a spell at you. The puff of flame hits you!
You closely miss the orc wizard.
The orc wizard is lightly wounded.
The orc wizard hits you with a dagger.
The orc wizard hits you but does no damage.
You barely miss the orc wizard.
The orc wizard is lightly wounded.
The orc wizard barely misses you. The orc wizard hits you with a dagger.
The orc priest miscasts a cantrip.
Drink which item? (? for menu, Esc to quit)
It was a potion of haste.
You feel yourself speed up. The orc wizard casts a spell at you.
The puff of frost hits you!
* * * LOW HITPOINT WARNING * * *
The orc wizard points at you and mumbles some strange words.
The puff of frost hits you!
You die...

.##.## #..........#...##
###..## #o..............##
# ##..# #............>...#
##.# #...........))...#
#.# #................#
#####.######.....##.o...##
<.og....................##
#####..##.###.##.#.......#
##.... #.##@#.......#
######.######.##o#.......#
#......##.....##o##.....##
..####..#.###..........##
### ##...# #........### .#
#.......#........# .#
#.......##.####### .#
#...[...#..# .#
#.........##


You could see an orc priest and an orc wizard.

Vanquished Creatures
  A giant frog (D:3)
  4 adders
  2 worms (D:2)
  A dart slug (D:2)
  3 giant geckos
  2 orcs
  A ball python (D:3)
  9 bats
  A giant cockroach (D:2)
  4 goblins
  5 hobgoblins
  5 kobolds
  A quokka (D:2)
  2 giant newts (D:2)
  7 rats
48 creatures vanquished.

Notes
Turn   | Place    | Note
--------------------------------------------------------------
     0 | D:1      | TheGoonsmith the Gargoyle Fire Elementalist began the quest for the Orb.
     0 | D:1      | Reached XP level 1. HP: 10/10 MP: 3/3
   196 | D:1      | Reached skill level 2 in Conjurations
   201 | D:1      | Reached XP level 2. HP: 15/15 MP: 1/5
   623 | D:2      | Found a stormy altar of Qazlal.
   633 | D:2      | Reached skill level 3 in Conjurations
   700 | D:2      | Reached XP level 3. HP: 19/19 MP: 4/6
   946 | D:2      | Found an ancient bone altar of Kikubaaqudgha.
   974 | D:2      | Found a blossoming altar of Fedhas.
  1051 | D:2      | Learned a level 3 spell: Conjure Flame
  1141 | D:2      | Reached skill level 4 in Conjurations
  1405 | D:3      | Reached XP level 4. HP: 24/24 MP: 4/7
  1424 | D:3      | Noticed a giant frog
  1433 | D:3      | Killed a giant frog
  1433 | D:3      | Reached skill level 5 in Conjurations
  1433 | D:3      | Reached XP level 5. HP: 26/28 MP: 1/8
  2209 | D:3      | Killed from afar by an orc wizard

Vault maps used:
D:1:      lightli_iron_boxes, minmay_statues_item
D:2:      grunt_temple_overflow_forces_of_nature, kiku_gazebo_garden_becter
D:3:      uniq_robin

Skill      XL: |  1  2  3  4 |
---------------+-------------+-----
Conjurations   | 2 3 4 5 |  5.6
Dodging        | |  1.5
Stealth        | |  2.1
Spellcasting   | |  2.0
Fire Magic     | |  3.0

Action                   |  1- 3 |  4- 6 || total
-------------------------+-------+-------++-------
Melee: Mace              |     6 |    29 ||    35
 Cast: Flame Tongue      |    59 |    36 ||    95
  Use: Potion            |       |     1 ||     1
  Eat: Chunk             |     2 |     3 ||     5
Armor: Robe              |     8 |    22 ||    30
Dodge: Dodged            |    19 |    35 ||    54
